 Dungeon Crawl Stone Soup version 0.29.1-15-g9cfb28693d (webtiles) character file.

Game seed: 1622730139819370154

27761 DemonSlayer the Thaumaturge (level 13, 0/88 HPs)
             Began as a Demonspawn Earth Elementalist on Mar 6, 2023.
             Was the Champion of Cheibriados.
             Slain by an elephant (3 damage)
             ... on level 5 of the Lair of Beasts.
             The game lasted 00:45:06 (22504 turns).

DemonSlayer the Thaumaturge (DsEE)                 Turns: 22504, Time: 00:45:07

Health: 0/88       AC: 20    Str: 24    XL:     13   Next: 6%
Magic:  6/28       EV: 13    Int: 35    God:    Cheibriados [******]
Gold:   1072       SH: 17    Dex: 30    Spells: 11/35 levels left

rFire   . . .      SeeInvis +   C - +0 broad axe
rCold   + . .      Faith    .   G - +0 tower shield {rN+}
rNeg    + + +      Spirit   .   t - +2 troll leather armour {Snorg}
rPois   .          Reflect  .   f - +2 helmet
rElec   .          Harm     .   H - +2 cloak {Will+}
rCorr   +          Rampage  .   (gloves unavailable)
Will    +....                   w - +0 pair of boots
Stlth   ++++......              p - amulet of the acrobat
HPRegen 1.04/turn               k - ring of resist corrosion
MPRegen 0.21/turn               y - ring of Biutaorch {rC+ rN++ SInv}

@: about to teleport, sanguine armoured, studying Axes, very slow
A: claws 3, foul stench 2, spiny 2, sanguine armour 1
a: Renounce Religion, Bend Time, Temporal Distortion, Slouch, Step From Time


You were on level 5 of the Lair of Beasts.
You worshipped Cheibriados.
Cheibriados was exalted by your worship.
You visited 3 branches of the dungeon, and saw 16 of its levels.
You also visited: Gauntlet.

You collected 1072 gold pieces.

Inventory:

Hand Weapons
 d - a +7 dagger of venom
 C - a +0 broad axe (weapon)
Missiles
 F - 8 silver javelins
Armour
 f - a +2 helmet (worn)
 t - a +2 troll leather armour (worn) {Snorg}
 w - a +0 pair of boots (worn)
 G - a +0 tower shield of positive energy (worn)
 H - a +2 cloak of willpower (worn)
Jewellery
 k - a ring of resist corrosion (left claw)
 p - an amulet of the acrobat (around neck)
 y - the ring of Biutaorch (right claw) {rC+ rN++ SInv}
   (You took it off a minotaur in a Gauntlet)

   [ring of protection from cold]

   rC:        It protects you from cold.
   rN:        It greatly protects you from negative energy.
   SInv:      It lets you see invisible.
Wands
 h - a wand of mindburst (16)
 z - a wand of paralysis (13)
 A - a wand of flame (15)
Scrolls
 c - 4 scrolls of magic mapping
 g - a scroll of vulnerability
 j - a scroll of teleportation
 m - 5 scrolls of amnesia
 E - a scroll of identify
Potions
 a - 2 potions of resistance {unknown}
 b - 3 potions of magic
 e - 9 potions of curing
 i - 3 potions of attraction
 n - a potion of invisibility {unknown}
 q - 2 potions of might {unknown}
 r - a potion of flight {unknown}
 s - a potion of haste {unknown}
 u - 3 potions of brilliance
 x - 2 potions of mutation {unknown}
 B - 3 potions of ambrosia
 D - 3 potions of lignification {unknown}
Miscellaneous
 o - a phial of floods


   Skills:
 + Level 3.8 Fighting
 + Level 3.0 Short Blades
 + Level 1.9 Axes
 + Level 5.0 Armour
 + Level 5.3 Dodging
 + Level 6.3 Stealth
 + Level 3.7 Shields
 + Level 11.7 Spellcasting
 + Level 6.8 Conjurations
 + Level 1.0 Transmutations
 + Level 11.6 Earth Magic
 + Level 1.1 Evocations


You had 11 spell levels left.
You knew the following spells:

 Your Spells              Type           Power      Damage    Failure   Level
a - Sandblast             Erth           100%       2d20      1%          1
b - Passwall              Tmut/Erth      49%        N/A       3%          2
c - Stone Arrow           Conj/Erth      100%       3d13      1%          3
d - Petrify               Tmut/Erth      59%        N/A       22%         4
e - Lehudib's Crystal Sp  Conj/Erth      35%        10d9      100%        8
f - Mephitic Cloud        Conj/Pois/Air  36%        N/A       34%         3
g - Ignite Poison         Fire/Tmut/Pois 22%        N/A       58%         3

Your spell library contained the following spells:

 Spells                   Type           Power      Damage    Failure   Level
 Foxfire                  Conj/Fire      100%       2x1d9     7%          1
 Beastly Appendage        Tmut           54%        N/A       19%         1
 Conjure Flame            Conj/Fire      44%        6-21      22%         3
 Apportation              Tloc           40%        N/A       28%         1
 Freeze                   Ice            80%        1d9       28%         1
 Necrotise                Necr           80%        1d8       28%         1
 Summon Small Mammal      Summ           80%        N/A       28%         1
 Wereblood                Tmut           27%        N/A       28%         2
 Spider Form              Tmut/Pois      24%        N/A       56%         3
 Flame Wave               Conj/Fire      44%        2d11      56%         4
 Hailstorm                Conj/Ice       44%        3d10      56%         4
 Borgnjor's Vile Clutch   Necr/Erth      28%        N/A       58%         5
 Frozen Ramparts          Ice            40%        1d7       65%         3
 Inner Flame              Hex/Fire       20%        N/A       65%         3
 Portal Projectile        Hex/Tloc       40%        N/A       65%         3
 Tukima's Dance           Hex            20%        N/A       65%         3
 Passage of Golubria      Tloc           20%        N/A       96%         4
 Freezing Cloud           Conj/Ice/Air   18%        6-21      97%         5
 Blade Hands              Tmut           13%        N/A       99%         5
 Alistair's Intoxication  Tmut/Pois      16%        N/A       100%        5
 Silence                  Hex/Air        10%        N/A       100%        5
 Eringya's Noxious Bog    Tmut/Pois      12%        N/A       100%        6


Dungeon Overview and Level Annotations

Branches:
Dungeon (10/15)            Temple (1/1) D:5            Lair (5/5) D:8
  Swamp (0/4) Lair:2        Snake (0/4) Lair:3        Slime (0/5) Lair:5
Gauntlet (visited)
    Orc: D:9-12

Altars:
Ashenzari
Cheibriados
Dithmenos
Fedhas
Gozag
Hepliaklqana
Kikubaaqudgha
Makhleb
Nemelex Xobeh
Okawaru
Qazlal
Ru
Sif Muna
Trog
Uskayaw
Vehumet
Wu Jian
Xom
Yredelemnul

Shops:
D:2 (   D:4 !   D:9 (

Annotations:
D:4 3 runed translucent doors, booth's ghost, novice GrMo
D:10 3 runed translucent doors, Renzlar's ghost, journeyman GnFi; Sonja
Lair:2 Nergalle
Lair:5 exclusion: 2 oklob plants


Innate Abilities, Weirdness & Mutations

You have claws for hands.
You sometimes emit foul miasma when damaged in melee.
You are mostly covered in sharp spines.
When seriously injured, your blood forms armour. (AC +6)


Message History

The yak attacks as you move away! You block the yak's attack.
A blink frog comes into view.
Your surroundings seem slightly different.
A blink frog comes into view.
Found a grey potion.
The blink frog blinks!
A blink frog comes into view.
The blink frog blinks!
The blink frog gives a loud, deep croak! x2
You hear a bellow!
The blink frog croaks.
The blink frog blinks! x2
The wind drake flaps its wings at you. The air twists around and strikes you!
* * * LOW HITPOINT WARNING * * *
You hear an angry growl.
The elephant attacks as you move away! You block the elephant's attack. x2
A polar bear comes into view.
The polar bear growls angrily.
The blink frog blinks!
The blink frog is struck by your spines.
The blink frog barely misses you.
The blink frog blinks!
The blink frog is struck by your spines.
The blink frog closely misses you.
The blink frog is struck by your spines.
You kill the blink frog!
Cheibriados thoroughly appreciates the change of pace.
You block the elephant's attack. x2
Unknown command.
Unknown command.
Unknown command.
As you read the scroll of teleportation, it crumbles to dust.
You feel strangely unstable.
The blink frog gives a loud, deep croak!
The blink frog blinks!
The wind drake flaps its wings at you. The air twists around and strikes you.
* * * LOW HITPOINT WARNING * * *
You block the elephant's attack.
The elephant trunk-slaps you but does no damage.
The elephant is struck by your spines. The elephant tramples you.
You die...

.†.................
........................
............F...F.......
...Y....................
............F.......h...
.†...†..........F.......
.[.......Y..Y...........
............Y.Y....!....
.........YFYYkYY@.......
#.#.##.†..#.##.Y###P####
#.############### ###


You could see 5 elephants, a wind drake (repels missiles), a polar bear, 5 yaks
and 5 blink frogs.

Vanquished Creatures
  A minotaur (Gauntlet)
  Snorg (Lair:4)
  A boulder beetle (Lair:3)
  3 hydras
  Amaemon (D:8)
  A harpy (Lair:5)
  5 elephants
  Joseph (D:8)
  4 black mambas
  An orange demon (D:8)
  7 cane toads
  A rime drake (Lair:5)
  4 komodo dragons
  3 polar bears
  A tyrant leech (Gauntlet)
  A hornet (D:8)
  17 blink frogs
  Sigmund (D:2)
  A shadow (D:10)
  A wraith (D:10)
  6 wyverns
  16 yaks
  3 vampire mosquitoes (D:10)
  2 basilisks
  A steam dragon (D:8)
  Menkaure (D:5)
  3 swamp worms (Gauntlet)
  An acid dragon (D:9)
  2 large abominations (Gauntlet)
  3 nagas (Lair:3)
  4 small abominations (Gauntlet)
  9 water moccasins
  A swamp drake (Lair:2)
  3 black bears
  2 ice beasts
  A sky beast (D:7)
  2 centaurs
  16 wolves
  An ogre (D:6)
  2 phantoms
  A kobold brigand (D:9)
  9 bullfrogs
  3 scorpions
  14 wights
  4 killer bees (D:9)
  6 howler monkeys (D:9)
  2 jellies
  Crazy Yiuf (D:2)
  2 gnoll boudas
  2 hounds (D:5)
  Ijyb (D:3)
  8 iguanas
  An orc wizard (D:6)
  10 gnolls
  An adder (D:6)
  A shadow imp (D:5)
  A white imp (D:6)
  An ufetubus (D:5)
  2 worms
  2 dart slugs (D:3)
  5 orcs
  5 bats
  6 endoplasms
  4 giant cockroaches
  6 goblins
  10 hobgoblins
  3 quokkas (D:4)
  5 ball pythons
  2 frilled lizards (D:1)
  7 kobolds
  6 rats
266 creatures vanquished.

Vanquished Creatures (others)
  3 yaks (D:10)
  39 fungi
  69 plants
111 creatures vanquished.

Grand Total: 377 creatures vanquished

Notes
Turn   | Place    | Note
-------+----------+-------------------------------------------
     0 | D:1      | DemonSlayer the Demonspawn Earth Elementalist began the
                  | quest for the Orb.
     0 | D:1      | Reached XP level 1. HP: 13/13 MP: 3/3
   269 | D:1      | Gained mutation: When seriously injured, your blood forms
                  | armour. (AC +6) [demonic ancestry]
   269 | D:1      | Reached XP level 2. HP: 19/19 MP: 5/5
   644 | D:1      | Learned a level 2 spell: Passwall
   663 | D:2      | Reached skill level 1 in Transmutations
   815 | D:2      | Found Pobyroatzo's Antique Weapon Emporium.
   904 | D:2      | Noticed Sigmund
   924 | D:3      | Gained mutation: You have sharp fingernails. [demonic
                  | ancestry]
   924 | D:3      | Reached XP level 3. HP: 24/24 MP: 6/6
   945 | D:3      | Found a blossoming altar of Fedhas.
  1605 | D:3      | Found a faded altar of an unknown god.
  1609 | D:3      | Noticed Ijyb
  1623 | D:3      | Killed Ijyb
  1624 | D:3      | Gained mutation: You are partially covered in sharp spines.
                  | [demonic ancestry]
  1624 | D:3      | Reached XP level 4. HP: 11/30 MP: 0/8
  2058 | D:3      | Found a basalt altar of Yredelemnul.
  2256 | D:3      | Learned a level 3 spell: Stone Arrow
  2327 | D:4      | Noticed a black bear
  2343 | D:2      | Killed Sigmund
  2344 | D:2      | Gained mutation: You may rarely emit foul miasma when
                  | damaged in melee. [demonic ancestry]
  2344 | D:2      | Reached XP level 5. HP: 22/36 MP: 6/10
  2601 | D:2      | Found a runed translucent door.
  2602 | D:2      | Noticed Crazy Yiuf
  2931 | D:2      | Killed Crazy Yiuf
  2932 | D:2      | Reached XP level 6. HP: 42/42 MP: 11/11
  3054 | D:4      | Found a large runed translucent door.
  3054 | D:4      | Found a large runed translucent door.
  3057 | D:4      | Noticed a yak
  3057 | D:4      | Noticed an ice beast
  3064 | D:4      | Found a large runed translucent door.
  3064 | D:4      | Found a large runed translucent door.
  3675 | D:4      | Noticed a yak
  3750 | D:5      | Entered Level 5 of the Dungeon
  3780 | D:5      | Reached skill level 5 in Earth Magic
  3909 | D:5      | Found a staircase to the Ecumenical Temple.
  4008 | Temple   | Entered the Ecumenical Temple
  4204 | Temple   | Became a worshipper of Cheibriados the Contemplative
  4464 | D:5      | Noticed Menkaure
  4471 | D:5      | Killed Menkaure
  4472 | D:5      | Reached XP level 7. HP: 25/47 MP: 8/14
  4672 | D:5      | Reached skill level 5 in Spellcasting
  5690 | D:5      | Reached XP level 8. HP: 53/53 MP: 13/16
  5693 | D:5      | Reached * piety under Cheibriados
  5762 | D:5      | You fall into a shaft and drop 1 floor!
  5995 | D:4      | Found a broken altar of Ashenzari.
  6069 | D:4      | Found a runed translucent door.
  6073 | D:4      | Noticed booth's ghost (novice GrMo)
  6079 | D:4      | Found Roinasuq's Distillery.
  6085 | D:4      | Reached skill level 1 in Fighting
  7746 | D:6      | Identified the +1 robe of Homiuz {Archmagi}
  7910 | D:6      | Gained mutation: You are mostly covered in sharp spines.
                  | [demonic ancestry]
  7910 | D:6      | Reached XP level 9. HP: 59/59 MP: 6/19
  7917 | D:6      | Reached ** piety under Cheibriados
  8232 | D:6      | Learned a level 4 spell: Petrify
  8842 | D:7      | Found a radiant altar of Vehumet.
  9153 | D:7      | Reached skill level 5 in Stealth
  9427 | D:8      | Reached skill level 1 in Conjurations
  9431 | D:8      | Reached skill level 1 in Short Blades
  9575 | D:8      | Noticed Joseph
  9585 | D:8      | Killed Joseph
  9750 | D:8      | Found a shadowy altar of Dithmenos.
  9762 | D:8      | Identified the -1 pair of boots "Mony" {rN+ SInv}
  9966 | D:8      | Noticed Amaemon
  9966 | D:8      | Noticed an orange demon
 10147 | D:9      | Reached *** piety under Cheibriados
 10371 | D:9      | Found a burning altar of Makhleb.
 10385 | D:9      | Reached XP level 10. HP: 66/66 MP: 9/21
 10456 | D:9      | Found Xaoruf's Weapon Shoppe.
 10806 | D:9      | Found a sparkling altar of Nemelex Xobeh.
 10915 | D:9      | Found an iron altar of Okawaru.
 10963 | D:9      | Found a hide-covered altar of Uskayaw.
 11040 | D:9      | Learned a level 8 spell: Lehudib's Crystal Spear
 11460 | D:10     | Entered Level 10 of the Dungeon
 11512 | D:10     | Reached skill level 1 in Shields
 11516 | D:10     | Learned a level 3 spell: Mephitic Cloud
 11520 | D:10     | Learned a level 3 spell: Ignite Poison
 11767 | D:10     | Found an opulent altar of Gozag.
 11837 | D:10     | Found a bloodstained altar of Trog.
 11956 | D:10     | Found a runed translucent gate.
 11956 | D:10     | Found a runed translucent gate.
 11956 | D:10     | Found a runed translucent gate.
 11959 | D:10     | Noticed Renzlar's ghost (journeyman GnFi)
 11960 | D:10     | Noticed an 11-headed hydra
 12050 | D:10     | Noticed a cyan ugly thing
 12054 | D:10     | Noticed Sonja
 12650 | D:8      | Found a staircase to the Lair.
 12766 | D:8      | Killed Amaemon
 12772 | D:8      | Killed an orange demon
 13308 | D:8      | Found a shimmering altar of Xom.
 13325 | D:8      | Found a shimmering altar of Xom.
 13325 | D:8      | Found a shimmering altar of Xom.
 13327 | D:8      | Found a burning altar of Makhleb.
 13327 | D:8      | Found a sparkling altar of Nemelex Xobeh.
 13327 | D:8      | Found a radiant altar of Vehumet.
 13500 | Lair:1   | Entered Level 1 of the Lair of Beasts
 13507 | D:8      | Reached skill level 1 in Armour
 14146 | Lair:1   | Reached **** piety under Cheibriados
 14148 | Lair:1   | Gained mutation: You have very sharp fingernails. [demonic
                  | ancestry]
 14148 | Lair:1   | Reached XP level 11. HP: 72/72 MP: 19/23
 14259 | Lair:1   | Noticed a death yak
 14265 | Lair:1   | Noticed a death yak
 14268 | Lair:1   | Noticed a death yak
 14874 | Lair:2   | Noticed a seven-headed hydra
 14880 | Lair:2   | Killed a seven-headed hydra
 14881 | Lair:2   | Reached skill level 10 in Earth Magic
 15503 | Lair:2   | Found a staircase to the Swamp.
 15560 | Lair:2   | Noticed Nergalle
 15568 | Lair:2   | HP: 3/63 [spectral orc knight/+0 great sword of
                  | flaming[Nergalle] (7)]
 17091 | Lair:3   | Found a gate leading to a gauntlet.
 17100 | Gauntlet | Entered a Gauntlet
 17100 | Gauntlet | Noticed a cyan ugly thing
 17100 | Gauntlet | Found a transporter.
 17102 | Gauntlet | Noticed a white ugly thing
 17103 | Gauntlet | Found a transporter.
 17103 | Gauntlet | Noticed a glowing orange brain
 17117 | Gauntlet | Found a runed translucent gate.
 17118 | Gauntlet | Found a runed translucent gate.
 17119 | Gauntlet | Found a transporter.
 17119 | Gauntlet | Found the +2 cloak of the Thief {*Fog Slay-2 SInv Stlth+}
 17123 | Gauntlet | Found a transporter.
 17125 | Gauntlet | Found a large runed translucent door.
 17126 | Gauntlet | Found a large runed translucent door.
 17127 | Gauntlet | Found a large runed translucent door.
 17127 | Gauntlet | Found a large runed translucent door.
 17127 | Gauntlet | Found a runed translucent door.
 17128 | Gauntlet | Found a large runed translucent door.
 17129 | Gauntlet | Found a large runed translucent door.
 17130 | Gauntlet | Found a large runed translucent door.
 17130 | Gauntlet | Found a large runed translucent door.
 17131 | Gauntlet | Found a runed translucent gate.
 17141 | Gauntlet | Found a transporter.
 17141 | Gauntlet | Found a runed translucent gate.
 17146 | Gauntlet | Found a runed translucent gate.
 17146 | Gauntlet | Found a runed translucent door.
 17152 | Gauntlet | Found a runed translucent gate.
 17154 | Gauntlet | Found a large runed translucent door.
 17154 | Gauntlet | Found a large runed translucent door.
 17154 | Gauntlet | Found a large runed translucent door.
 17154 | Gauntlet | Found a large runed translucent door.
 17227 | Gauntlet | Reached skill level 10 in Spellcasting
 17330 | Gauntlet | Found a large runed translucent door.
 17330 | Gauntlet | Found a large runed translucent door.
 17332 | Gauntlet | Found a large runed translucent door.
 17332 | Gauntlet | Found a large runed translucent door.
 17379 | Gauntlet | Noticed a fire crab
 17702 | Gauntlet | Identified the +1 cloak of Tineosh {Rampage Regen+ Str-4}
 17714 | Gauntlet | Identified the ring of Biutaorch {rC+ rN++ SInv}
 17714 | Gauntlet | Noticed a minotaur
 17727 | Gauntlet | Killed a minotaur
 17728 | Gauntlet | Reached skill level 1 in Evocations
 18241 | Lair:3   | Reached ***** piety under Cheibriados
 18510 | Lair:3   | Noticed a six-headed hydra
 18517 | Lair:3   | Killed a six-headed hydra
 18518 | Lair:3   | Gained mutation: You have claws for hands. [demonic
                  | ancestry]
 18518 | Lair:3   | Reached XP level 12. HP: 69/81 MP: 7/26
 18725 | Lair:3   | Noticed a boulder beetle
 18743 | Lair:3   | Killed a boulder beetle
 18744 | Lair:3   | Reached skill level 5 in Conjurations
 19209 | Lair:3   | Found a staircase to the Snake Pit.
 19892 | Lair:4   | Noticed a five-headed hydra
 19899 | Lair:4   | Killed a five-headed hydra
 20276 | Lair:4   | Noticed Snorg
 20285 | Lair:4   | Killed Snorg
 21470 | Lair:4   | Reached skill level 5 in Dodging
 21705 | Lair:4   | Reached skill level 5 in Armour
 21970 | Lair:4   | Noticed a death yak
 21971 | Lair:4   | Noticed a death yak
 21971 | Lair:4   | Noticed a death yak
 21971 | Lair:4   | Noticed a death yak
 21972 | Lair:4   | Noticed a death yak
 22294 | Lair:5   | Entered Level 5 of the Lair of Beasts
 22299 | Lair:5   | Found a staircase to the Slime Pits.
 22355 | Lair:5   | Noticed a four-headed hydra
 22486 | Lair:5   | Reached ****** piety under Cheibriados
 22487 | Lair:5   | Gained mutation: You sometimes emit foul miasma when
                  | damaged in melee. [demonic ancestry]
 22487 | Lair:5   | Reached XP level 13. HP: 88/88 MP: 3/28
 22490 | Lair:5   | Reached skill level 1 in Axes
 22502 | Lair:5   | HP: 1/88 [wind drake/the air (17)]
 22504 | Lair:5   | Slain by an elephant

Illustrated notes

Levels and vault maps discovered:
D:1:      eino_arrival_water_star, layout_loops_cross
D:2:      layout_basic, basic_altar, serial_shops, nicolae_shop_behind_doors,
          uniq_crazy_yiuf_cottage, uniq_sigmund
D:3:      layout_basic, lemuel_crystal_altar, nicolae_tso_carved_into_rock,
          yredelemnul_altar_generic, ebering_ecumenical_altar_petrified,
          minmay_diced_spiral, uniq_ijyb
D:4:      layout_basic, mainiacjoe_overflow_alcove_2, ebering_ghost_sewer_d,
          serial_shops, nicolae_square_shop, hangedman_decor_diamond_cutter,
          chequers_serial_rivers_large_b, minmay_hollow_rounded_squares
D:5:      layout_loops_ring, minmay_temple_entry_offerings,
          dreamdust_gnoll_farm, uniq_menkaure
D:6:      cheibrodos_quashed, layout_rooms
D:7:      layout_loops_cross, nicolae_vehumet_radiance
D:8:      layout_basic, doesnt_xom_only_xom,
          nicolae_dithmenos_through_a_glass_darkly, lair_entry_dummy,
          dreamdust_deal_with_the_devil, uniq_joseph, uniq_amaemon
D:9:      layout_loops_cross, nemelex_xobeh_ov_fountains_minmay, bloody_makhleb,
          mainiacjoe_overflow_big_doors, serial_shops, shop
D:10:     layout_roguey, nicolae_gozag_cash_rules_everything_around_me,
          trog_butcher_becter, gammafunk_ghost_hydra_chop,
          lemuel_flamethrower_hall, uniq_sonja
Temple:   grunt_temple_mini_profane
Lair:1:   layout_loops_ring, nicolae_volcano_entry_s_turn
Lair:2:   layout_layer_cave, minmay_swamp_entry_reptiles, uniq_nergalle
Lair:3:   layout_cave_pods, guppyfry_snake_entry_garden, gauntlet_entry_generic,
          serial_bayou_ford_a, nzn_sisyphean_effort
Lair:4:   layout_cave_pods, serial_rivers, chequers_serial_rivers_micro_c,
          chequers_serial_rivers_room_b, chequers_serial_rivers_room_a,
          chequers_serial_rivers_micro_c, lemuel_fruit_tree, uniq_snorg
Lair:5:   gammafunk_lair_ancient_temple, layout_regular_city,
          minmay_slime_entry_oklob_open, serial_bayou_pond_d,
          serial_bayou_crossing, serial_bayou_shore_b

Skill      XL: |  1  2  3  4  5  6  7  8  9 10 11 12 13 |
---------------+----------------------------------------+-----
Earth Magic    | 3 4 5 6 7 8 9 10 11 | 11.6
Transmutations | 1 |  1.0
Stealth        | 2 3 4 6 |  6.3
Dodging        | 2 3 4 5 |  5.3
Spellcasting   | 3 4 5 6 7 8 10 11 | 11.7
Fighting       | 1 2 3 |  3.8
Conjurations   | 2 4 6 |  6.8
Short Blades   | 1 3 |  3.0
Shields        | 1 2 3 |  3.7
Armour         | 1 4 5 |  5.0
Evocations     | 1 |  1.1
Axes           | 1 |  1.9

Action                   |  1- 3 |  4- 6 |  7- 9 | 10-12 | 13-15 || total
-------------------------+-------+-------+-------+-------+-------++-------
Melee: Dagger            |    31 |    14 |    29 |    84 |       ||   158
       Unarmed           |     1 |       |       |       |       ||     1
       Punch             |     1 |       |     1 |       |       ||     2
       Broad axe         |       |       |       |     5 |     9 ||    14
 Cast: Sandblast         |    43 |    34 |    51 |   124 |       ||   252
       Stone Arrow       |       |       |    75 |   155 |     1 ||   231
Evoke: Wand              |       |     4 |     1 |     7 |       ||    12
  Use: Scroll            |       |     6 |     7 |    18 |     2 ||    33
       Potion            |       |       |     2 |     9 |       ||    11
 Stab: Sleeping          |     2 |     2 |     9 |     1 |       ||    14
       Distracted        |     1 |       |       |       |       ||     1
Armor: Robe              |    14 |     7 |    14 |     3 |       ||    38
       Plate armour      |       |       |       |   177 |       ||   177
       Troll leather arm |       |       |       |    40 |    26 ||    66
Dodge: Dodged            |    35 |    23 |    79 |   184 |    35 ||   356
Block: Buckler           |       |       |     7 |   125 |       ||   132
       Tower shield      |       |       |       |    11 |    35 ||    46
